AoeStats
← Bliitzz67

Oasis

509141907Analyzed
4v4 RM · 8d ago on Sep 25, 2026· 42m 51s· 8 players
Game mode
Random Map
Map size
Large (8 player)
Population
200
Speed
Normal
Resources
Standard
Victory
Conquest
Starting age
Dark Age
Ending age
Imperial Age
RankedLock teamsTeams togetherTeam positionsShared explorationLock speedFull tech treeHidden civsTurbo modeCheats
Victory
Defeat
🇸🇪 Turks · Sweden
1030
+13
🇫🇷 Mongols · France
1014
+14
🇩🇪 Vietnamese · Germany
987
+15
🇷🇺 Franks · Russia
944
+17
🇪🇸 Inca · Spain
1036
-17
🇺🇸 Saxons · United States
973
-15
🇩🇪 Teutons · Germany
942
-14
🇬🇧 Chinese · United Kingdom
923
-13
CarpitOlander
4:41 Loom
11:31 Feudal Age
11:58 Double-Bit Axe
12:29 Horse Collar
14:34 Wheelbarrow
17:15 Castle Age
16:19 Gold Mining
18:34 Bow Saw
20:16 Heavy Plow
26:05 Hand Cart
32:29 Imperial Age
30:52 Padded Archer Armor
31:46 Forging
31:41 Scale Barding Armor
32:04 Caravan
33:17 Iron Casting
32:33 Fletching
32:59 Leather Archer Armor
33:56 Conscription
32:57 Elite Janissary
35:00 Two-Man Saw
33:55 Stone Mining
34:41 Gold Shaft Mining
34:32 Artillery
35:34 Ballistics
35:36 Bombard Tower
35:12 Murder Holes
36:58 Ring Archer Armor
37:30 Blast Furnace
36:31 Scale Mail Armor
36:53 Chain Barding Armor
36:29 Bodkin Arrow
38:56 Bloodlines
38:47 Husbandry
Minox917
7:04 Loom
9:23 Feudal Age
10:00 Double-Bit Axe
18:22 Castle Age
17:03 Gold Mining
16:54 Horse Collar
17:34 Fletching
19:22 Bow Saw
20:41 Crossbowman
25:17 Ballistics
26:29 Bodkin Arrow
27:19 Town Watch
32:42 Imperial Age
31:15 Thumb Ring
31:40 Padded Archer Armor
32:51 Wheelbarrow
32:44 Leather Archer Armor
34:12 Bracer
36:52 Ring Archer Armor
37:11 Scale Barding Armor
37:15 Arbalester
38:58 Elite Skirmisher
40:48 Chemistry
Bliitzz67
0:29 Loom
9:57 Feudal Age
15:07 Castle Age
13:55 Double-Bit Axe
13:54 Horse Collar
22:07 Gold Mining
24:04 Wheelbarrow
25:37 Heavy Plow
25:50 Bow Saw
25:42 Fletching
29:22 Imperial Age
28:38 Hand Cart
28:29 Padded Archer Armor
29:44 Bodkin Arrow
31:47 Chemistry
31:12 Ballistics
33:45 Forging
33:38 Bracer
33:44 Scale Barding Armor
35:22 Elite Mangudai
35:40 Light Cavalry
36:34 Bloodlines
36:32 Hussar
37:20 Husbandry
41:38 Iron Casting
41:19 Leather Archer Armor
41:25 Chain Barding Armor
44:00 Blast Furnace
BalticStorm
5:08 Loom
13:17 Feudal Age
17:37 Double-Bit Axe
22:30 Castle Age
21:16 Fletching
21:45 Gold Mining
22:49 Scale Barding Armor
23:26 Bodkin Arrow
25:13 Gold Shaft Mining
25:55 Wheelbarrow
26:09 Chain Barding Armor
27:32 Hand Cart
28:31 Forging
29:06 Husbandry
32:47 Iron Casting
36:05 Imperial Age
34:17 Ballistics
37:56 Chemistry
37:33 Plate Barding Armor
36:48 Cavalier
39:35 Blast Furnace
39:39 Paladin
43:29 Hoardings
TocTheYoungr
5:27 Loom
11:33 Feudal Age
16:07 Castle Age
14:29 Horse Collar
14:36 Double-Bit Axe
16:08 Gold Mining
18:22 Bow Saw
20:04 Heavy Plow
23:19 Wheelbarrow
23:43 Fletching
25:01 Bodkin Arrow
26:58 Bloodlines
28:18 Padded Archer Armor
28:35 Thumb Ring
28:39 Stone Mining
32:09 Leather Archer Armor
34:05 Ballistics
35:10 Hand Cart
39:00 Imperial Age
38:23 Forging
38:13 Scale Mail Armor
39:43 Iron Casting
39:03 Arson
39:18 Squires
39:04 Gambesons
39:14 Elite Varangian Guard
40:16 Chain Mail Armor
40:38 Conscription
39:39 Shield Wall
41:58 Plate Mail Armor
Dutchy91
12:56 Feudal Age
15:05 Horse Collar
17:33 Double-Bit Axe
19:29 Wheelbarrow
22:34 Castle Age
21:44 Stone Mining
21:51 Gold Mining
Bertinos
11:34 Feudal Age
16:03 Castle Age
15:53 Double-Bit Axe
17:21 Bow Saw
17:38 Horse Collar
20:28 Heavy Plow
22:22 Stone Mining
24:13 Elite Skirmisher
26:30 Ballistics
27:52 Fletching
28:02 Padded Archer Armor
28:44 Wheelbarrow
32:40 Imperial Age
35:38 Chemistry
34:35 Bodkin Arrow
34:55 Leather Archer Armor
38:32 Champi Runner
pipermirage
0:38 Loom
12:32 Feudal Age
19:40 Castle Age
19:54 Double-Bit Axe
23:15 Gold Mining
23:08 Horse Collar
27:53 Wheelbarrow
28:00 Ballistics
30:21 Fortified Wall
36:09 Imperial Age
36:33 Onager
37:36 Heavy Scorpion
Connection lost

Rejoining the realm…

Still unreachable

The connection could not be restored.

Session expired

The server has moved on; the page needs a fresh start.